 Dungeon Crawl Stone Soup version 0.29.1-1-gd02db6906a (webtiles) character file.

Game seed: 11215695091017150639

399 LustLizard the Slasher (level 7, -1/52 HPs)
             Began as a Human Gladiator on Oct 18, 2022.
             Slain by an ogre
             ... wielding a +0 giant club
              (13 damage)
             ... on level 7 of the Dungeon.
             The game lasted 00:05:16 (3523 turns).

LustLizard the Slasher (Human Gladiator)            Turns: 3523, Time: 00:05:16

Health: -1/52      AC: 12    Str: 15    XL:     7   Next: 10%
Magic:  2/2        EV: 11    Int:  8    God:
Gold:   137        SH:  5    Dex: 16    Spells: 6/6 levels left

rFire   . . .      SeeInvis +   s - +2 long sword (antimagic)
rCold   . . .      Faith    .   (no shield)
rNeg    . . .      Spirit   .   G - +0 chain mail
rPois   .          Reflect  +   c - +0 helmet
rElec   .          Harm     .   x - +2 cloak
rCorr   .          Rampage  .   (no gloves)
Will    .....                   (no boots)
Stlth   ..........              r - amulet of reflection
HPRegen 0.17/turn               w - +4 ring of evasion
MPRegen 0.08/turn               m - ring of see invisible

@: invisible
A: no striking features
a: no special abilities


You were on level 7 of the Dungeon.
You visited 1 branch of the dungeon, and saw 5 of its levels.

You collected 246 gold pieces.
You spent 109 gold pieces at shops.

Inventory:

Hand Weapons
 a - a +0 long sword
 s - a +2 antimagic long sword (weapon)
Missiles
 d - 3 throwing nets
 e - a javelin
 i - 7 boomerangs
 l - 4 curare-tipped darts
 C - 20 stones (quivered)
Armour
 b - a +0 leather armour
 c - a +0 helmet (worn)
 j - a +0 scale mail
 p - a +0 kite shield
 x - a +2 cloak (worn)
 G - a +0 chain mail (worn)
Jewellery
 h - a ring of wizardry
 m - a ring of see invisible (right hand)
 r - an amulet of reflection (around neck)
 w - a +4 ring of evasion (left hand)
 E - a +4 ring of protection
Scrolls
 f - 2 scrolls of identify
 g - a scroll of enchant weapon {unknown}
 k - 2 scrolls of butterflies {unknown}
 q - 4 scrolls of teleportation {unknown}
 v - 2 scrolls of magic mapping {unknown}
 y - a scroll of poison {unknown}
 A - 2 scrolls of vulnerability {unknown}
 B - a scroll of noise
 F - a scroll of fear {unknown}
 I - 2 scrolls of blinking {unknown}
Potions
 n - 2 potions of heal wounds
 o - a potion of magic
 t - a potion of might
 u - 2 potions of curing
 D - a potion of ambrosia {unknown}
 H - a potion of degeneration {unknown}


   Skills:
 + Level 3.5 Fighting
 * Level 5.2 Long Blades
 * Level 4.7 Throwing
 - Level 3.0 Dodging


You had 6 spell levels left.
You didn't know any spells.
Your spell library contained the following spells:

 Spells                   Type           Power      Damage    Failure   Level
 Apportation              Tloc           0%         N/A       100%        1
 Magic Dart               Conj           0%         1d3       100%        1
 Necrotise                Necr           0%         1d4       100%        1
 Summon Small Mammal      Summ           0%         N/A       100%        1
 Call Imp                 Summ           0%         N/A       100%        2
 Ensorcelled Hibernation  Hex/Ice        0%         N/A       100%        2
 Static Discharge         Conj/Air       0%         3-3/arc   100%        2
 Conjure Flame            Conj/Fire      0%         6-21      100%        3
 Ignite Poison            Fire/Tmut/Pois 0%         N/A       100%        3
 Mephitic Cloud           Conj/Pois/Air  0%         N/A       100%        3
 Ozocubu's Armour         Ice            0%         N/A       100%        3
 Sticky Flame             Conj/Fire      0%         2d3       100%        4
 Freezing Cloud           Conj/Ice/Air   0%         6-21      100%        5
 Lightning Bolt           Conj/Air       0%         1d11      100%        5
 Metabolic Englaciation   Hex/Ice        0%         N/A       100%        5
 Simulacrum               Ice/Necr       0%         N/A       100%        6
 Maxwell's Capacitive Co  Air            0%         ∞         100%        8


Dungeon Overview and Level Annotations

Branches:
Dungeon (4/15)
 Temple: D:4-7

Altars:
Fedhas

Shops:
D:2 *   D:3 :

Annotations:
D:3 exclusion: oklob plant


Message History

The orc barely misses you. x2
You have reached level 7!
You catch the helpless orc completely off-guard!
You slash the orc!
You kill the orc!
The orc closely misses you. x2; The gnoll hits you but does no damage.
You block the orc's attack.
You see here a +0 club.
You strike the helpless gnoll bouda from behind!
You hit the gnoll bouda.
The gnoll bouda is lightly wounded.
You block the orc's attack. The gnoll misses you.
You block the gnoll bouda's attack. The orc barely misses you.
You slash the gnoll bouda!
The gnoll bouda is severely wounded.
The gnoll hits you with a +0 club. The gnoll bouda barely misses you.
You block the orc's attack. The orc hits you but does no damage.
You strike the helpless gnoll bouda from behind!
You slash the gnoll bouda!
You kill the gnoll bouda!
The orc closely misses you. The gnoll hits you with a +0 club.
Something unseen opens the door.
The orc misses you. The gnoll hits you but does no damage.
The gnoll barely misses you.
A phantom comes into view.
Things that are here:
a +0 whip; a +0 leather armour You barely miss the gnoll.
You block the orc's attack.
The gnoll hits you from afar with a +0 halberd!
The gnoll closely misses you.
An orc breaks down the door.
The gnoll barely misses you. The gnoll hits you with a +0 club.
You block the orc's attack.
You hit the gnoll. You punch the gnoll.
The gnoll is moderately wounded.
The gnoll barely misses you. x2
You closely miss the gnoll.
The gnoll is moderately wounded.
The gnoll hits you from afar with a +0 halberd.
* * * LOW HITPOINT WARNING * * *
The gnoll hits you but does no damage. The ogre hits you with a +0 giant club!
You die...

#....# #....+
#....# #....#
###+###....#
#.........##
+...[.....#
#.........+
#....)O@..#
#....ggo..###+###
......##o#.g......#
...... ..#........+
..... #..#...W....#
..... #..#........#
.. ####........# #
#....#+##'#..
#....# .


You could see an ogre (unable to see you), a phantom (unable to see you), 3
gnolls and 2 orcs.

Vanquished Creatures
  Sigmund (D:2)
  A gnoll bouda (D:7)
  An orc priest (D:7)
  Natasha (thrice) (D:2)
  Robin (D:2)
  4 adders
  2 dart slugs
  An orc (D:7)
  3 bats
  8 endoplasms
  2 giant cockroaches
  12 goblins
  8 hobgoblins
  3 quokkas
  8 ball pythons
  3 frilled lizards
  2 kobolds
  4 rats
67 creatures vanquished.

Vanquished Creatures (others)
  A kobold (D:3)
  A plant (D:3)
2 creatures vanquished.

Grand Total: 69 creatures vanquished

Notes
Turn   | Place    | Note
-------+----------+-------------------------------------------
     0 | D:1      | LustLizard the Human Gladiator began the quest for the Orb.
     0 | D:1      | Reached XP level 1. HP: 16/16 MP: 1/1
    87 | D:1      | Found a faded altar of an unknown god.
   365 | D:1      | Reached XP level 2. HP: 22/22 MP: 2/2
   827 | D:2      | Found Giadoj's Assorted Antiques.
   845 | D:2      | Reached XP level 3. HP: 22/27 MP: 1/3
  1056 | D:2      | Bought a yellow potion for 20 gold pieces
  1056 | D:2      | Bought a bubbling yellow potion for 20 gold pieces
  1056 | D:2      | Bought a scroll labelled IDGHIX LOMIET for 23 gold pieces
  1056 | D:2      | Bought a scroll labelled ITHRAR DOXULAF for 23 gold pieces
  1059 | D:2      | Noticed Natasha
  1065 | D:2      | Killed Natasha
  1066 | D:2      | Reached XP level 4. HP: 28/34 MP: 1/4
  1270 | D:2      | Noticed Sigmund
  1285 | D:2      | Killed Sigmund
  1286 | D:2      | Reached skill level 4 in Long Blades
  1286 | D:2      | Reached XP level 5. HP: 36/41 MP: 1/5
  1286 | D:2      | Reached XP level 6. HP: 41/47 MP: 2/6
  1360 | D:2      | Noticed Robin
  1367 | D:2      | Killed Robin
  1959 | D:2      | Noticed Natasha
  1971 | D:2      | Killed Natasha
  2335 | D:2      | Noticed Natasha
  2342 | D:2      | Killed Natasha
  2363 | D:2      | Bought a scroll labelled TAESSE CEGOS for 23 gold pieces
  2376 | D:3      | Found Ustiolei's Book Shop.
  2402 | D:3      | Got the Treatise on Firn
  2451 | D:3      | Found a blossoming altar of Fedhas.
  2470 | D:3      | Noticed an oklob plant
  2673 | D:3      | Reached skill level 5 in Long Blades
  3463 | D:4      | You fall into a shaft and drop 3 floors!
  3512 | D:7      | Noticed an ogre
  3515 | D:7      | Reached XP level 7. HP: 40/52 MP: 2/7
  3523 | D:7      | Slain by an ogre

Illustrated notes

Levels and vault maps discovered:
D:1:      dpeg_arrival_rooms_c, layout_loops_ring, ebering_ecumenical_altar_rust
D:2:      layout_basic, serial_shops, shop, uniq_natasha, uniq_sigmund,
          uniq_robin
D:3:      layout_rooms, tgw_fedhas, serial_shops, shop, lemuel_flame_loot_1
D:4:      layout_basic, st_stairs_9
D:7:      layout_gridville, tgw_kikubaaqudgha, serial_glass, glass_columns_a,
          glass_columns_a, kennysheep_windowed_goal

Skill      XL: |  1  2  3  4  5  6 |
---------------+-------------------+-----
Throwing       | 3 4 |  4.7
Fighting       | 3 |  3.5
Long Blades    | 4 5 |  5.2
Dodging        | |  3.0

Action                   |  1- 3 |  4- 6 |  7- 9 || total
-------------------------+-------+-------+-------++-------
Melee: Long sword        |    58 |   117 |     7 ||   182
       Punch             |       |     5 |     1 ||     6
Throw: Throwing net      |       |     3 |       ||     3
  Use: Scroll            |       |     6 |       ||     6
       Potion            |       |     1 |       ||     1
 Stab: Held in net/web   |       |     2 |       ||     2
       Invisible         |       |       |     3 ||     3
Armor: Scale mail        |    30 |    49 |       ||    79
       Leather armour    |     5 |       |       ||     5
       Chain mail        |       |     2 |     4 ||     6
Dodge: Dodged            |    43 |    92 |    12 ||   147
Block: Other             |       |    18 |     6 ||    24
